 Dungeon Crawl Stone Soup version 0.20.1-1-g8b1a95d (webtiles) character file.

71 InappropriateContent the Skirmisher (level 4, -1/29 HPs)
             Began as a Gargoyle Berserker on Dec 2, 2017.
             Was a Believer of Trog.
             Slain by Sigmund
             ... wielding a +0 scythe
              (5 damage)
             ... on level 2 of the Dungeon.
             The game lasted 00:05:58 (867 turns).

InappropriateContent the Skirmisher (GrBe)           Turns: 867, Time: 00:05:59

Health: -1/29      AC:  9    Str: 21    XL:     4   Next: 24%
Magic:  4/4        EV: 11    Int:  8    God:    Trog [**....]
Gold:   79         SH:  0    Dex:  9    Spells: 3/3 levels left

rFire    . . .     SeeInvis .   a - +0 mace
rCold    . . .     Gourm    .   (no shield)
rNeg     + . .     Faith    .   d - +0 ring mail
rPois    ∞         Spirit   .   (no helmet)
rElec    +         Reflect  .   (no cloak)
rCorr    .         Harm     .   (no gloves)
MR       .....                  (no boots)
Stlth    +.........             (no amulet)
Regen    0.1/turn               (no ring)
MPRegen  0.1/turn               (no ring)

@: berserk cooldown, slowed, very slow
A: negative energy resistance 1, electricity resistance, unbreathing,
petrification resistance, rot immunity, AC +3
a: Berserk, Trog's Hand, Burn Spellbooks, Renounce Religion


You were on level 2 of the Dungeon.
You worshipped Trog.
Trog was pleased with you.
You were near starving.

You visited 1 branch of the dungeon, and saw 2 of its levels.

You collected 79 gold pieces.

Inventory:

Hand Weapons
 a - a +0 mace (weapon)
Armour
 d - a +0 ring mail (worn)
Jewellery
 m - an uncursed ring of see invisible {unknown}
Scrolls
 b - a scroll of magic mapping {unknown}
 e - a scroll of recharging {unknown}
 g - 5 scrolls of teleportation {unknown}
 h - 2 scrolls of identify {unknown}
 j - a scroll of noise {unknown}
 k - a scroll of remove curse {unknown}
Potions
 f - 2 potions of might {unknown}
 i - a potion of resistance {unknown}
Comestibles
 c - 2 bread rations
 l - a chunk of flesh
 n - a meat ration


   Skills:
 * Level 4.0 Fighting
 * Level 3.7 Maces & Flails
 * Level 3.1 Armour
 - Level 1.6 Dodging
 - Level 1.0 Stealth


You had 3 spell levels left.
You didn't know any spells.

Dungeon Overview and Level Annotations

Branches:
Dungeon (2/15)

Altars:

Annotations:
D:2 Sigmund


Innate Abilities, Weirdness & Mutations

You are resistant to torment.
Your stone body is resilient. (AC +3)
You are immune to poison.
You resist negative energy. (rN+)
You are resistant to electric shocks. (rElec)
You can survive without breathing.
You are immune to petrification.
You are immune to rotting.


Message History

The jackal barely misses you. x2; The jackal closely misses you.
Something hits you but does no damage.
The jackal bites you but does no damage.
You closely miss something.
The jackal bites you but does no damage. x2
The jackal misses you. x2; The jackal bites you.
The jackal misses you. Something hits you. The jackal bites you.
* * * LOW HITPOINT WARNING * * *
Unknown command.
You hit something. The jackal closely misses you.
The jackal bites you but does no damage. x2
The jackal barely misses you. x3; Something hits you.
* * * LOW HITPOINT WARNING * * *
The jackal bites you but does no damage. x2
You miss something. The jackal bites you.
* * * LOW HITPOINT WARNING * * *
The jackal completely misses you.
The jackal bites you but does no damage. x2
Something hits you.
You die...

## .# .#
.#
######.##
#.......#
#...hh..##
#...@h...#
#....{.#.#
#......#
.#
#......# #
###.##..
#. ##. ##
#. .#


You could see 3 jackals.

Vanquished Creatures
  A gnoll (D:1)
  An adder (D:2)
  An ooze (D:1)
  A worm (D:2)
  2 leopard geckos (D:1)
  3 bats
  3 giant cockroaches (D:1)
  10 goblins
  6 hobgoblins (D:1)
  2 jackals (D:1)
  2 frilled lizards (D:1)
  4 kobolds (D:1)
  4 rats
40 creatures vanquished.

Notes
Turn   | Place    | Note
-------+----------+-------------------------------------------
     0 | D:1      | InappropriateContent the Gargoyle Berserker began the quest for the Orb.
     0 | D:1      | Reached XP level 1. HP: 14/14 MP: 1/1
    90 | D:1      | Reached XP level 2. HP: 13/19 MP: 2/2
   322 | D:1      | Reached XP level 3. HP: 22/24 MP: 3/3
   532 | D:1      | Reached ** piety under Trog
   720 | D:2      | Reached skill level 4 in Fighting
   720 | D:2      | Reached XP level 4. HP: 26/29 MP: 4/4
   772 | D:2      | Reached skill level 1 in Stealth
   850 | D:2      | Noticed Sigmund
   867 | D:2      | Slain by Sigmund

Skill      XL: |  1  2  3  4 |
---------------+-------------+-----
Fighting       | 4 |  4.0
Armour         | 3 |  3.1
Stealth        | 1 |  1.0
Maces & Flails | |  3.7
Dodging        | |  1.6

Action                   |  1- 3 |  4- 6 || total
-------------------------+-------+-------++-------
Melee: Mace              |   121 |    34 ||   155
Invok: Berserk           |     2 |     1 ||     3
       Trog's Hand       |       |     1 ||     1
  Eat: Chunk             |     2 |       ||     2
Armor: Ring mail         |    75 |    45 ||   120
Dodge: Dodged            |    91 |    56 ||   147
